 Dungeon Crawl Stone Soup version 0.32-a0-42-ga30500b4d3 (webtiles) character file.

Game seed: 8564853661407001595

62 whatisthis the Vexing (level 4, -1/34 HPs)
             Began as a Gnoll Hexslinger on Feb 3, 2024.
             Slain by an orc wizard
             ... wielding a +2 dagger of flaming
              (2 damage)
             ... on level 3 of the Dungeon.
             The game lasted 00:05:43 (1871 turns).

whatisthis the Vexing (Gnoll Hexslinger)            Turns: 1871, Time: 00:05:44

Health: -1/34      AC:  7    Str:  7    XL:     4   Next: 8%
Magic:  8/8        EV: 13    Int: 13    God:
Gold:   142        SH:  0    Dex: 16    Spells: 6/8 levels left

rFire   . . .        b - +2 quarterstaff (spect)
rCold   + + .        (shield currently unavailable)
rNeg    . . .        n - +1 leather armour {rC+}
rPois   .            (no helmet)
rElec   .            (no cloak)
rCorr   .            l - +2 pair of gloves
SInv    .            (no boots)
Will    +....        (no amulet)
Stlth   ++           j - ring of protection from cold
HPRegen 0.25/turn    (no ring)
MPRegen 0.11/turn

%: no passive effects
@: brilliant, enlightened, flying
A: fangs 1, strong nose, distributed training
a: no special abilities


You were on level 3 of the Dungeon.
You visited 1 branch of the dungeon, and saw 4 of its levels.

You collected 142 gold pieces.

Inventory:

Hand Weapons
 a - a +1 sling
 b - a +2 spectral quarterstaff (weapon)
Missiles
 h - 6 poisoned darts
Armour
 c - a +0 robe
 l - a +2 pair of gloves (worn)
 n - a +1 leather armour of cold resistance (worn)
 r - a +0 buckler
Jewellery
 j - a ring of protection from cold (left hand)
 x - an amulet of the acrobat
Scrolls
 e - a scroll of torment {unknown}
 f - 3 scrolls of identify {unknown}
 i - a scroll of revelation {unknown}
 k - a scroll of fear {unknown}
 o - 2 scrolls of poison
 p - 2 scrolls of immolation {unknown}
 q - a scroll of enchant armour {unknown}
 s - a scroll of amnesia {unknown}
 u - a scroll of blinking {unknown}
 v - a scroll of teleportation {unknown}
 y - a scroll of fog {unknown}
Potions
 t - a potion of cancellation {unknown}
 w - a potion of lignification {unknown}
 z - a potion of might {unknown}


   Skills:
 + Level 2.7 Fighting
 + Level 1.0 Short Blades
 + Level 1.0 Long Blades
 + Level 1.0 Axes
 + Level 1.0 Maces & Flails
 + Level 1.0 Polearms
 + Level 1.0 Staves
 + Level 4.6 Ranged Weapons
 + Level 1.0 Throwing
 + Level 1.0 Armour
 + Level 4.6 Dodging
 + Level 1.0 Stealth
 + Level 1.0 Shields
 + Level 1.0 Unarmed Combat
 + Level 2.9 Spellcasting
 + Level 0.8 Conjurations
 + Level 5.4 Hexes
 + Level 0.8 Summonings
 + Level 0.8 Necromancy
 + Level 0.8 Translocations
 + Level 2.2 Fire Magic
 + Level 0.8 Ice Magic
 + Level 0.8 Air Magic
 + Level 0.8 Earth Magic
 + Level 0.8 Alchemy
 + Level 1.1 Invocations
 + Level 1.0 Evocations
 + Level 1.0 Shapeshifting


You had 6 spell levels left.
You knew the following spells:

 Your Spells              Type           Power      Damage    Failure   Level
a - Jinxbite              Hex            48%        N/A       5%          2

Your spell library contained the following spells:

 Spells                   Type           Power      Damage    Failure   Level
 Sigil of Binding         Hex            24%        N/A       11%         3
 Inner Flame              Hex/Fire       17%        N/A       21%         3
 Cause Fear               Hex            12%        N/A       34%         4
 Call Imp                 Summ           12%        N/A       36%         2
 Sublimation of Blood     Necr           6%         N/A       36%         2
 Dimensional Bullseye     Hex/Tloc       7%         N/A       67%         4
 Summon Hydra             Summ           3%         N/A       100%        7


Dungeon Overview and Level Annotations

Branches:
Dungeon (4/15)
 Temple: D:4-7

Altars:
Yredelemnul

Shops:
D:2 *

Annotations:
D:1 exclusion: gnoll
D:3 1 exclusion


Innate Abilities, Weirdness & Mutations

You have very sharp teeth.
Your uncanny sense of smell can sniff out nearby items.
Your experience applies equally to all skills.


Message History

b - a +2 spectral quarterstaff (weapon)
Something hits you.
* * * LOW HITPOINT WARNING * * *
Something burns you.
* * * LOW HITPOINT WARNING * * *
Something hits you but does no damage.
It was a potion of brilliance.
You feel clever all of a sudden. Something hits you.
* * * LOW HITPOINT WARNING * * *
Something burns you.
* * * LOW HITPOINT WARNING * * *
It was a potion of enlightenment.
You feel very buoyant.
You fly up into the air.
Something hits you.
* * * LOW HITPOINT WARNING * * *
Something burns you.
* * * LOW HITPOINT WARNING * * *
It was a potion of curing.
You feel better. Something hits you. Something burns you.
You barely miss something.
You hear some strange, mumbled words.
Something tries to affect you, but you resist.
You miss something. Your bite misses something.
Something hits you but does no damage.
You barely miss something. Your bite misses something. Something hits you.
* * * LOW HITPOINT WARNING * * *
Something burns you.
* * * LOW HITPOINT WARNING * * *
You closely miss something. Something hits you.
* * * LOW HITPOINT WARNING * * *
Something burns you.
* * * LOW HITPOINT WARNING * * *
Something hits you but does no damage.
You closely miss something. Something hits you.
* * * LOW HITPOINT WARNING * * *
Something burns you.
* * * LOW HITPOINT WARNING * * *
You hit something. Something hits you.
You die...

...# #.# #.#..# #.# #..#
###.# #...## #.#
#..########...# ##.## #.#
#.............# #.# ##.#
#.#########.#### #.# #..#
#.# #.......# #.# #)## #.#
#.#####.# #.# #.# #.#
####.# #.###.# #.# #.#
#....#
#..@{>#####.######## #.#
#.##.#
#.###............... #.#
#.##.#####.#
#######.########
#.###.##.......#########.#
#.....#####.##...........#
####### #.##.###########
#....# ######


There were no monsters in sight!

Vanquished Creatures
  2 adders (D:2)
  2 ribbon worms
  A dart slug (D:3)
  3 orcs
  A ball python (D:2)
  An endoplasm (D:1)
  5 giant cockroaches
  2 goblins
  3 hobgoblins
  A kobold (D:3)
  2 quokkas
  2 bats
  2 frilled lizards
  4 rats
31 creatures vanquished.

Notes
Turn   | Place    | Note
-------+----------+-------------------------------------------
     0 | D:1      | whatisthis the Gnoll Hexslinger began the quest for the
                  | Orb.
     0 | D:1      | Reached XP level 1. HP: 17/17 MP: 4/4
   285 | D:1      | Reached XP level 2. HP: 23/23 MP: 5/5
   783 | D:2      | Reached XP level 3. HP: 27/28 MP: 7/7
   812 | D:1      | Reached skill level 1 in Invocations
   876 | D:2      | Learned a level 2 spell: Jinxbite
   913 | D:2      | Found a basalt altar of Yredelemnul.
  1109 | D:2      | Found Goxy's General Store.
  1240 | D:3      | Reached skill level 1 in Short Blades
  1240 | D:3      | Reached skill level 1 in Long Blades
  1240 | D:3      | Reached skill level 1 in Axes
  1240 | D:3      | Reached skill level 1 in Maces & Flails
  1240 | D:3      | Reached skill level 1 in Polearms
  1240 | D:3      | Reached skill level 1 in Staves
  1240 | D:3      | Reached skill level 1 in Throwing
  1240 | D:3      | Reached skill level 1 in Armour
  1240 | D:3      | Reached skill level 1 in Stealth
  1240 | D:3      | Reached skill level 1 in Shields
  1240 | D:3      | Reached skill level 1 in Unarmed Combat
  1240 | D:3      | Reached skill level 1 in Evocations
  1480 | D:3      | Reached skill level 1 in Shapeshifting
  1480 | D:3      | Reached XP level 4. HP: 34/34 MP: 8/8
  1783 | D:3      | Noticed an ogre
  1870 | D:3      | HP: 1/34 [something (1)]
  1871 | D:3      | Slain by an orc wizard

Illustrated notes

Levels and vault maps discovered:
D:1:      sevenhm_arrival_forest_fort_large_2, layout_rooms,
          dreamdust_princess_bridge, chequers_serial_rivers_micro_a,
          minmay_3d_cube
D:2:      layout_rooms, basic_altar, serial_shops, shop_fountains
D:3:      layout_loops_ring
D:4:      layout_cave_pools, minmay_temple_entry_butterflies

Skill      XL: |  1  2  3 |
---------------+----------+-----
Fire Magic     | 2 |  2.2
Invocations    | 1 |  1.1
Short Blades   | 1 |  1.0
Long Blades    | 1 |  1.0
Axes           | 1 |  1.0
Maces & Flails | 1 |  1.0
Polearms       | 1 |  1.0
Staves         | 1 |  1.0
Throwing       | 1 |  1.0
Armour         | 1 |  1.0
Stealth        | 1 |  1.0
Shields        | 1 |  1.0
Unarmed Combat | 1 |  1.0
Evocations     | 1 |  1.0
Shapeshifting  | 1 |  1.0
Fighting       | |  2.7
Ranged Weapons | |  4.6
Dodging        | |  4.6
Spellcasting   | |  2.9
Conjurations   | |  0.8
Hexes          | |  5.4
Summonings     | |  0.8
Necromancy     | |  0.8
Translocations | |  0.8
Ice Magic      | |  0.8
Air Magic      | |  0.8
Earth Magic    | |  0.8
Alchemy        | |  0.8

Action                     |  1- 3 |  4- 6 || total
---------------------------+-------+-------++-------
  Melee: Quarterstaff      |     5 |     6 ||    11
         Bite              |     3 |       ||     3
         Sling             |       |     3 ||     3
   Fire: Sling             |    74 |    16 ||    90
   Cast: Jinxbite          |       |     1 ||     1
    Use: Potion            |       |     3 ||     3
 Armour: Robe              |    32 |       ||    32
         Leather armour    |       |    24 ||    24
  Dodge: Dodged            |    44 |     1 ||    45

Table legend: (Time is in decaauts)
 A = Elapsed time spent in this place.
 B = Non-inter-level travel time spent in this place.
 C = Inter-level travel time spent in this place.
 D = Time resting spent in this place.
 E = Time spent auto-exploring this place.
 F = Levels seen in this place.
 G = Mean time per level.
                   A        B        C        D        E       F      G
               +--------+--------+--------+--------+--------+-----+--------+
         Total |   1893 |   1807 |     86 |      2 |   1043 |   4 |  473.2 |
       Dungeon |   1893 |   1807 |     86 |      2 |   1043 |   4 |  473.2 |
               +--------+--------+--------+--------+--------+-----+--------+

Top non-repeatable levels by time:
     D:1: 741 daAuts
     D:3: 710 daAuts
     D:2: 431 daAuts
     D:4: 10 daAuts
